 Dungeon Crawl Stone Soup version 0.30.0-29-ga12c61a403 (webtiles) character file.

Game seed: 8796833316560665387

1165 qw the Chopper (level 8, -9/49 HPs)
             Began as a Gargoyle Fighter on June 2, 2023.
             Mangled by a slime creature (12 damage)
             ... on level 7 of the Dungeon.
             The game lasted 00:02:42 (5624 turns).

qw the Chopper (Gargoyle Fighter)                   Turns: 5624, Time: 00:02:42

Health: -9/49      AC: 20    Str: 22    XL:     8   Next: 40%
Magic:  8/8        EV:  6    Int: 17    God:
Gold:   464        SH:  4    Dex:  9    Spells: 7/7 levels left

rFire   + . .        Y - +0 war axe
rCold   . . .        c - +0 buckler
rNeg    + . .        o - +0 plate armour
rPois   inf          (no helmet)
rElec   +            i - +2 cloak of Death's Door {rF+ Will- Int+8}
rCorr   .            (no gloves)
SInv    .            (no boots)
Will    .....        (no amulet) Stlth
                     (no ring)
HPRegen 0.28/turn    (no ring)
MPRegen 0.11/turn

%: no passive effects
@: no status effects
A: sickness immunity, AC +5, negative energy resistance 1, electricity
resistance, torment resistance 1, petrification resistance
a: no special abilities


You were on level 7 of the Dungeon.
You visited 1 branch of the dungeon, and saw 7 of its levels.

You collected 464 gold pieces.


Innate Abilities, Weirdness & Mutations

You are immune to sickness and miasma.
Your stone body is resilient. (AC +5)
You are immune to poison.
You resist negative energy. (rN+)
You are resistant to electric shocks. (rElec)
You are resistant to unholy torment.
You are immune to petrification.


   Skills:
 - Level 5.2 Fighting
 + Level 7.7 Axes
 - Level 1.0 Throwing
 - Level 4.3 Armour
 - Level 1.3 Dodging
 - Level 3.2 Shields


You had 7 spell levels left.
You didn't know any spells.
Your spell library was empty.

Inventory:

Hand Weapons
 f - a +2 flail of holy wrath
 Y - a +0 war axe (weapon)
Missiles
 m - 3 boomerangs (quivered)
Armour
 c - a +0 buckler (worn)
 i - the +2 cloak of Death's Door (worn) {rF+ Will- Int+8}
   (You acquired it on level 3 of the Dungeon)

   Int:       It affects your intelligence (+8).
   rF:        It protects you from fire.
   Will:      It decreases your willpower.
 o - a +0 plate armour (worn)
Scrolls
 a - a scroll of brand weapon {unknown}
 j - a scroll of identify
 k - a scroll of torment {unknown}
Potions
 b - a potion of lignification
 d - 2 potions of might
 e - 2 potions of heal wounds
 g - 2 potions of degeneration {unknown}
 h - a potion of cancellation
 n - a potion of flight {unknown}

Dungeon Overview and Level Annotations

Branches:
Dungeon (7/15)
 Temple: D:4-7

Altars:
Cheibriados
Kikubaaqudgha
Nemelex Xobeh
Ru


Message History

The slime creature is lightly wounded.
Two slime creatures merge to form a large slime creature.
You throw a boomerang.
The boomerang hits the large slime creature.
The large slime creature is lightly wounded.
Two slime creatures merge to form a very large slime creature.
You throw a boomerang.
The boomerang hits the very large slime creature!
The very large slime creature is lightly wounded.
You throw a boomerang.
The boomerang hits the very large slime creature.
The very large slime creature is lightly wounded.
You throw a boomerang.
The boomerang hits the very large slime creature but does no damage.
The very large slime creature is lightly wounded.
You slash the very large slime creature!
The very large slime creature is lightly wounded.
The very large slime creature barely misses you.
You barely miss the very large slime creature.
The very large slime creature is lightly wounded.
A very large slime creature splits.
The slime creature quivers.
You hit the large slime creature.
The large slime creature is lightly wounded.
You hit the slime creature. The large slime creature hits you!
The slime creature hits you but does no damage.
You slash the slime creature!
The slime creature is heavily wounded.
You slash the large slime creature!
The large slime creature closely misses you.
The slime creature hits you.
The slime creature quivers.
You slash the slime creature!
The slime creature is heavily wounded.
You hit the large slime creature. The large slime creature hits you!!
Ouch! That really hurt!
The slime creature hits you!
You die...

.# #.....# .. .#
#..#..# .# #..#..# .#
#..#..# .# #..#..# .#
#..#..####### .#
#...........######...
.#
#.##.......JJ........
.#
#.#.....###@###J...J.
.# #.#.#.#...#.#.+
.J.J. .#
#...#.#...#.#.# .J..
.# #####.#...#.#.# J..
.# #.#...#.#.# .. .#
#.#...#.#.# . .#
##.#...#.#.# .#
##......#...# .#
####..###..###)#######


You could see a large slime creature and a slime creature.

Vanquished Creatures
  A water moccasin (D:6)
  An orc warrior (D:7)
  A sky beast (D:6)
  An ogre (D:5)
  A centaur (D:6)
  2 scorpions
  A howler monkey (D:6)
  2 hounds (D:6)
  3 orc priests
  4 iguanas
  4 orc wizards
  7 adders
  A white imp (D:6)
  3 ufetubi
  4 worms
  3 dart slugs
  8 orcs
  9 ball pythons
  14 endoplasms
  4 giant cockroaches
  8 goblins
  7 hobgoblins
  5 jackals
  5 quokkas
  7 bats
  4 frilled lizards
  6 kobolds
  8 rats
124 creatures vanquished.

Notes
Turn   | Place    | Note
-------+----------+-------------------------------------------
     0 | D:1      | qw the Gargoyle Fighter began the quest for the Orb.
     0 | D:1      | Reached XP level 1. HP: 14/14 MP: 1/1
     0 | D:1      | 0 ||| qw: Version: 0.2-a-102-gdf20003
     0 | D:1      | 0 ||| qw: Game counter: 940
     0 | D:1      | 0 ||| qw: Always use a shield: true
     0 | D:1      | 0 ||| qw: God list: Okawaru
     0 | D:1      | 0 ||| qw: Allow faded altars: false
     0 | D:1      | 0 ||| qw: Do Orc after D:15 true
     0 | D:1      | 0 ||| qw: Do second Lair branch before Depths: true
     0 | D:1      | 0 ||| qw: Lair rune preference: random
     0 | D:1      | 0 ||| qw: Plans: Normal, Zot:1-4, Slime:5, God:TSO, Crypt,
                  | Tomb, Pan, Hells, Abyss, Win
     0 | D:1      | 0 ||| PLANNING D:1-11
    21 | D:1      | 21 ||| Stepping ~*~*~tactically~*~*~ (stealth).
    22 | D:1      | 22 ||| Stepping ~*~*~tactically~*~*~ (stealth).
    63 | D:1      | Reached skill level 2 in Axes
    67 | D:1      | 67 ||| Stepping ~*~*~tactically~*~*~ (hiding).
    91 | D:1      | Reached XP level 2. HP: 13/19 MP: 2/2
   387 | D:1      | 387 ||| Stepping ~*~*~tactically~*~*~ (stealth).
   392 | D:1      | Reached skill level 3 in Axes
   403 | D:1      | Reached XP level 3. HP: 23/23 MP: 3/3
   478 | D:1      | 478 ||| Stepping ~*~*~tactically~*~*~ (stealth).
   480 | D:1      | 480 ||| Stepping ~*~*~tactically~*~*~ (stealth).
   481 | D:1      | 481 ||| Stepping ~*~*~tactically~*~*~ (stealth).
   482 | D:1      | 482 ||| Stepping ~*~*~tactically~*~*~ (stealth).
   943 | D:1      | 943 ||| DROPPING +0 club.
   944 | D:1      | 944 ||| UPGRADING to +0 cloak.
   949 | D:1      | 949 ||| READING scroll labelled MYAVOSTR DUBBAEDA.
   952 | D:1      | 952 ||| READING scroll labelled JUOPRI BARUDAL.
  1037 | D:2      | 1037 ||| Stepping ~*~*~tactically~*~*~ (stealth).
  1043 | D:2      | You fall into a shaft and drop 2 floors!
  1056 | D:4      | Reached XP level 4. HP: 28/28 MP: 4/4
  1069 | D:4      | 1069 ||| UPGRADING to +0 chain mail.
  1079 | D:4      | 1079 ||| DROPPING +0 scale mail.
  1080 | D:4      | 1080 ||| READING scroll labelled JOASKE DEERCHUY.
  1088 | D:4      | 1088 ||| FLEEEEING.
  1089 | D:4      | 1089 ||| STAIRDANCE
  1091 | D:3      | 1091 ||| FLEEEEING.
  1092 | D:3      | 1092 ||| FLEEEEING.
  1093 | D:3      | 1093 ||| FLEEEEING.
  1094 | D:3      | 1094 ||| STAIRDANCE
  1230 | D:2      | Reached skill level 4 in Axes
  1746 | D:2      | 1746 ||| Stepping ~*~*~tactically~*~*~ (stealth).
  1747 | D:2      | 1747 ||| Stepping ~*~*~tactically~*~*~ (stealth).
  1898 | D:2      | 1898 ||| READING scroll labelled GIMEATUENA.
  1899 | D:2      | 1899 ||| READING scroll labelled ETOGUE DYOGIPY.
  1900 | D:2      | 1900 ||| READING scroll labelled QOASTO EHUOFIOLL.
  1901 | D:2      | 1901 ||| READING scroll labelled HUSSAL PUSOUN.
  2148 | D:3      | Reached skill level 1 in Throwing
  2169 | D:3      | 2169 ||| Stepping ~*~*~tactically~*~*~ (stealth).
  2176 | D:3      | 2176 ||| Stepping ~*~*~tactically~*~*~ (stealth).
  2264 | D:3      | Found a faded altar of an unknown god.
  2280 | D:3      | 2280 ||| Stepping ~*~*~tactically~*~*~ (stealth).
  2356 | D:3      | Reached XP level 5. HP: 32/32 MP: 5/5
  2802 | D:3      | 2802 ||| READING scroll labelled JIMUAGO ERAZOT.
  2803 | D:3      | 2803 ||| READING scroll labelled HYUGAA HAUS.
  2803 | D:3      | Identified a scroll of acquirement
  2803 | D:3      | 2803 ||| ACQUIRING +2 cloak of Death's Door {rF+ Will-
                  | Int+8}
  2803 | D:3      | Acquired the +2 cloak of Death's Door {rF+ Will- Int+8}
  2805 | D:3      | 2805 ||| UPGRADING to +2 cloak of Death's Door {rF+ Will-
                  | Int+8}.
  2815 | D:3      | 2815 ||| DROPPING +0 cloak.
  3015 | D:4      | 3015 ||| Stepping ~*~*~tactically~*~*~ (stealth).
  3030 | D:4      | 3030 ||| DROPPING ring of wizardry.
  3041 | D:4      | 3041 ||| STAIRDANCE
  3045 | D:4      | 3045 ||| STAIRDANCE
  3049 | D:4      | 3049 ||| STAIRDANCE
  3053 | D:4      | 3053 ||| STAIRDANCE
  3057 | D:4      | 3057 ||| STAIRDANCE
  3061 | D:4      | 3061 ||| STAIRDANCE
  3065 | D:4      | 3065 ||| STAIRDANCE
  3069 | D:4      | 3069 ||| STAIRDANCE
  3073 | D:4      | 3073 ||| STAIRDANCE
  3077 | D:4      | 3077 ||| STAIRDANCE
  3081 | D:4      | 3081 ||| STAIRDANCE
  3085 | D:4      | 3085 ||| STAIRDANCE
  3089 | D:4      | 3089 ||| STAIRDANCE
  3093 | D:4      | 3093 ||| STAIRDANCE
  3097 | D:4      | 3097 ||| STAIRDANCE
  3101 | D:4      | 3101 ||| STAIRDANCE
  3105 | D:4      | 3105 ||| STAIRDANCE
  3109 | D:4      | 3109 ||| STAIRDANCE
  3113 | D:4      | 3113 ||| STAIRDANCE
  3141 | D:4      | 3141 ||| FLEEEEING.
  3142 | D:4      | 3142 ||| FLEEEEING.
  3143 | D:4      | 3143 ||| FLEEEEING.
  3144 | D:4      | 3144 ||| FLEEEEING.
  3145 | D:4      | 3145 ||| FLEEEEING.
  3146 | D:4      | 3146 ||| FLEEEEING.
  3153 | D:4      | 3153 ||| FLEEEEING.
  3157 | D:4      | 3157 ||| FLEEEEING.
  3175 | D:4      | 3175 ||| FLEEEEING.
  3176 | D:4      | 3176 ||| FLEEEEING.
  3185 | D:4      | 3185 ||| FLEEEEING.
  3190 | D:4      | 3190 ||| FLEEEEING.
  3191 | D:4      | 3191 ||| FLEEEEING.
  3210 | D:4      | 3210 ||| Stepping ~*~*~tactically~*~*~ (stealth).
  3218 | D:4      | HP: 2/32 [orc priest/divine providence (16)]
  3219 | D:4      | 3219 ||| READING scroll of teleportation.
  3350 | D:3      | Found a sacrificial altar of Ru.
  3410 | D:4      | Found an ancient bone altar of Kikubaaqudgha.
  3546 | D:4      | Reached skill level 5 in Axes
  3581 | D:4      | 3581 ||| DROPPING +0 whip.
  3637 | D:4      | Found a snail-covered altar of Cheibriados.
  3716 | D:4      | 3716 ||| DROPPING +3 hand axe.
  3717 | D:4      | 3717 ||| DRINKING 5 lumpy brown potions.
  3718 | D:4      | 3718 ||| DRINKING 2 amethyst potions.
  3742 | D:5      | Entered Level 5 of the Dungeon
  3756 | D:5      | Reached XP level 6. HP: 36/38 MP: 6/6
  3783 | D:5      | Reached skill level 6 in Axes
  3788 | D:5      | HP: 9/38 [worm (4)]
  3789 | D:5      | 3789 ||| DRINKING 4 potions of heal wounds.
  3923 | D:5      | 3923 ||| DRINKING potion of curing.
  3923 | D:5      | 3923 ||| (to cure confusion)
  3924 | D:5      | 3924 ||| Stepping ~*~*~tactically~*~*~ (hiding).
  3925 | D:5      | 3925 ||| Stepping ~*~*~tactically~*~*~ (hiding).
  3926 | D:5      | 3926 ||| Stepping ~*~*~tactically~*~*~ (hiding).
  3948 | D:5      | Reached XP level 7. HP: 33/43 MP: 7/7
  3950 | D:5      | Reached skill level 1 in Dodging
  3957 | D:5      | HP: 9/43 [orc priest/+0 hand axe (4)]
  3958 | D:5      | 3958 ||| DRINKING 3 potions of heal wounds.
  4358 | D:5      | 4358 ||| DRINKING 2 ruby potions.
  4496 | D:6      | Identified the +1 dagger "Cepnaudd" {spect, rCorr Str+3
                  | Dex+2}
  4549 | D:6      | Reached skill level 7 in Axes
  4819 | D:6      | Reached XP level 8. HP: 43/49 MP: 8/8
  5251 | D:6      | 5251 ||| UPGRADING to +0 plate armour.
  5261 | D:6      | 5261 ||| DROPPING +0 chain mail.
  5262 | D:6      | 5262 ||| DROPPING amulet of magic regeneration.
  5263 | D:6      | 5263 ||| DRINKING 2 purple potions.
  5368 | D:6      | 5368 ||| READING 3 scrolls of identify.
  5368 | D:6      | 5368 ||| IDENTIFYING fuming black potion
  5369 | D:6      | 5369 ||| READING 2 scrolls of identify.
  5369 | D:6      | 5369 ||| IDENTIFYING emerald potion
  5370 | D:6      | 5370 ||| DROPPING potion of berserk rage.
  5371 | D:6      | 5371 ||| DROPPING potion of brilliance.
  5493 | D:7      | Found a sparkling altar of Nemelex Xobeh.
  5610 | D:7      | Noticed a slime creature
  5610 | D:7      | Noticed a slime creature
  5610 | D:7      | Noticed a slime creature
  5611 | D:7      | Noticed a slime creature
  5612 | D:7      | 5612 ||| Stepping ~*~*~tactically~*~*~ (stealth).
  5613 | D:7      | Noticed a slime creature
  5614 | D:7      | 5614 ||| Stepping ~*~*~tactically~*~*~ (stealth).
  5624 | D:7      | HP: 3/49 [large slime creature (32)]
  5624 | D:7      | Mangled by a slime creature

Levels and vault maps discovered:
D:1:      nzn_arrival_crosshair, layout_loops_ring, minmay_unequal
D:2:      layout_loops_corners, minmay_pentomino_v2
D:3:      layout_basic, nicolae_overflow_ecumenical_swirl,
          minmay_misc_feat_square
D:4:      layout_cave_pools, mainiacjoe_overflow_chevrons,
          mainiacjoe_overflow_six_doors_small
D:5:      layout_basic, st_stairs_12
D:6:      layout_basic, nicolae_hexahallways
D:7:      layout_basic, nemelex_spade_bored_becter, minmay_temple_entry_mist,
          uniq_maggie

Skill      XL: |  1  2  3  4  5  6  7  8 |
---------------+-------------------------+-----
Axes           | 2 3 4 5 6 7 |  7.7
Throwing       | 1 |  1.0
Fighting       | 4 5 |  5.2
Dodging        | 1 |  1.3
Armour         | 4 |  4.3
Shields        | |  3.2

Action                     |  1- 3 |  4- 6 |  7- 9 || total
---------------------------+-------+-------+-------++-------
  Melee: War axe           |    76 |   181 |   104 ||   361
  Throw: Javelin           |       |    28 |       ||    28
         Boomerang         |       |    31 |    17 ||    48
    Use: Scroll            |     2 |     8 |     2 ||    12
         Potion            |       |     4 |     3 ||     7
 Armour: Scale mail        |    27 |       |       ||    27
         Chain mail        |       |   111 |   102 ||   213
         Plate armour      |       |       |    21 ||    21
  Dodge: Dodged            |    25 |    66 |    42 ||   133
  Block: Buckler           |     7 |    31 |    16 ||    54

Table legend:
 A = Non-vault XP
 B = Vault XP
 C = Vault XP percentage of total XP
 D = Non-vault monster count
 E = Vault monster count
 F = Vault count percentage of total count
                 A         B        C        D         E       F
            +---------+---------+-------+---------+---------+-------
      Total |    1620 |      45 |   2.7 |     118 |       6 |   4.8
            +---------+---------+-------+---------+---------+-------
        D:1 |      56 |       4 |   6.7 |      31 |       3 |   8.8
        D:2 |      55 |       4 |   6.8 |      19 |       2 |   9.5
        D:3 |      74 |       0 |   0.0 |      24 |       0 |   0.0
        D:4 |     102 |       0 |   0.0 |      16 |       0 |   0.0
        D:5 |     455 |      37 |   7.5 |      12 |       1 |   7.7
        D:6 |     675 |       0 |   0.0 |      12 |       0 |   0.0
        D:7 |     203 |       0 |   0.0 |       4 |       0 |   0.0
            +---------+---------+-------+---------+---------+-------
